 Dungeon Crawl Stone Soup version 0.27-a0-277-g024f7ef292 (webtiles) character file.

Game seed: 7339976586349341642

1482 Nattfarinn the Ogre Mage (level 8, -5/83 HPs)
             Began as an Ogre Fire Elementalist on Feb 7, 2021.
             Was a Believer of Vehumet.
             Slain by a four-headed hydra (12 damage)
             ... on level 7 of the Dungeon.
             The game lasted 00:20:50 (8564 turns).

Nattfarinn the Ogre Mage (Ogre Fire Elementalist)   Turns: 8564, Time: 00:20:51

Health: -5/83      AC:  4    Str: 13    XL:     8   Next: 79%
Magic:  16/19      EV: 10    Int: 18    God:    Vehumet [**....]
Gold:   155        SH:  0    Dex:  9    Spells: 18/22 levels left

rFire    . . .     SeeInvis +   s - +2 mace (vorpal)
rCold    . . .     Faith    +   (no shield)
rNeg     . . .     Spirit   .   a - +0 robe
rPois    .         Reflect  .   (helmet restricted)
rElec    .         Harm     .   w - +0 cloak
rCorr    .         Rampage  .   (gloves unavailable)
Will     +....                  (boots unavailable)
Stlth    +.........             A - amulet of faith
HPRegen  0.23/turn              E - ring of see invisible
MPRegen  0.16/turn              p - ring of willpower

@: no status effects
A: large, unfitting armour, tough skin 1
a: Renounce Religion


You were on level 7 of the Dungeon.
You worshipped Vehumet.
Vehumet was pleased with you.
You visited 2 branches of the dungeon, and saw 8 of its levels.

You collected 363 gold pieces.
You spent 208 gold pieces at shops.

Inventory:

Hand Weapons
 s - a +2 vorpal mace (weapon)
Missiles
 i - 11 javelins (quivered)
Armour
 a - a +0 robe (worn)
 w - a +0 cloak (worn)
Jewellery
 k - an uncursed ring of poison resistance
 p - a ring of willpower (right hand)
 A - an amulet of faith (around neck)
 E - a ring of see invisible (left hand)
Wands
 n - a wand of random effects (26)
 z - a wand of charming (8)
Scrolls
 b - a scroll of enchant weapon {unknown}
 c - 7 scrolls of remove curse {unknown}
 d - 2 scrolls of noise {unknown}
 e - 2 scrolls of enchant armour {unknown}
 f - a scroll of fog {unknown}
 h - 2 scrolls of immolation {unknown}
 j - 7 scrolls of identify {unknown}
 l - 3 scrolls of teleportation {unknown}
 y - 2 scrolls of random uselessness {unknown}
 C - a scroll of summoning {unknown}
 F - a scroll of amnesia {unknown}
Potions
 g - 3 potions of brilliance {unknown}
 m - 2 potions of mutation {unknown}
 o - 2 potions of degeneration {unknown}
 q - a potion of resistance {unknown}
 r - 5 potions of curing
 t - a potion of berserk rage {unknown}
 u - a potion of lignification {unknown}
 v - a potion of attraction {unknown}
 x - 3 potions of flight {unknown}
 B - a potion of haste {unknown}
 D - 2 potions of heal wounds


   Skills:
 - Level 5.9 Fighting
 - Level 1.7 Dodging
 - Level 1.4 Stealth
 - Level 7.7 Spellcasting
 - Level 4.2 Conjurations
 * Level 0.6 Hexes
 - Level 5.0 Fire Magic


You had 18 spell levels left.
You knew the following spells:

 Your Spells              Type           Power        Failure   Level
a - Foxfire               Conj/Fire      92%          1%          1
b - Tukima's Dance        Hex            9%           22%         3

Your spell library contained the following spells:

 Spells                   Type           Power        Failure   Level
 Shock                    Conj/Air       56%          4%          1
 Conjure Flame            Conj/Fire      23%          4%          3
 Corona                   Hex            10%          8%          1
 Inner Flame              Hex/Fire       17%          10%         3
 Dazzling Flash           Conj/Hex       30%          11%         3
 Ensorcelled Hibernation  Hex/Ice        16%          13%         2
 Sticky Flame             Conj/Fire      23%          14%         4
 Confusing Touch          Hex            9%           22%         3
 Fireball                 Conj/Fire      11%          38%         5


Dungeon Overview and Level Annotations

Branches:
Dungeon (7/15)             Temple (1/1) D:4

Altars:
Ashenzari
Cheibriados
Dithmenos
Elyvilon
Fedhas
Gozag
Hepliaklqana
Kikubaaqudgha
Makhleb
Nemelex Xobeh
Okawaru
Qazlal
Ru
Sif Muna
Trog
Uskayaw
Vehumet
Wu Jian
Xom
Yredelemnul
Zin
The Shining One

Shops:
D:6 !

Annotations:
D:6 1 runed translucent door, Crazy Yiuf


Innate Abilities, Weirdness & Mutations

You are too large for most types of armour.
You have tough skin. (AC +1)


Message History

The foxfire hits the four-headed hydra.
The four-headed hydra is lightly wounded.
Your foxfire dissipates!
The bullfrog zombie hits you.
The orc wizard points at itself and mumbles some strange words.
The orc wizard flickers and vanishes for a moment.
Unknown command.
Unknown command.
You hit the four-headed hydra.
The four-headed hydra is lightly wounded.
The four-headed hydra bites you. The four-headed hydra bites you!!
The four-headed hydra bites you!
* * * LOW HITPOINT WARNING * * *
The four-headed hydra bites you.
* * * LOW HITPOINT WARNING * * *
The bullfrog zombie hits you.
* * * LOW HITPOINT WARNING * * *
The four-headed hydra barely misses you.
The four-headed hydra bites you!
You die...

...........#.### ##.......
...........#...# #........
...........###.# ##.#......
...........# #.# #..#......
...........# #.# #.####.#.#
..........o# #.####.####.#.#
........#.o###...........#..
.......##.DZ######.####.....
..#.... ##.@####...#####....
....... ##.#....###........
####... #......###.#......
.... #.[.....##.#.##... ...
#.......##<#(##...
#.......#..#.###.#
##........##.# #..
........####.# ##.
##......... ..# #.


You could see a four-headed hydra, an orc priest, an orc wizard (invisible) and
a bullfrog zombie.

Vanquished Creatures
  Grinder (D:3)
  An ogre (D:7)
  2 centaurs
  A scorpion (D:6)
  3 killer bees (D:6)
  3 wights (D:6)
  A howler monkey (D:5)
  A hound (D:7)
  A centaur zombie (D:5)
  A jelly (D:6)
  Jessica (D:3)
  A bullfrog skeleton (D:7)
  An iguana (D:5)
  3 orc wizards
  6 worker ants
  A hound zombie (D:6)
  A hound skeleton (D:6)
  2 howler monkey zombies
  Robin (D:3)
  6 adders
  A shadow imp (D:5)
  An ufetubus (D:5)
  An ooze (D:3)
  4 adder zombies
  4 adder skeletons
  2 worms (D:3)
  A dart slug (D:4)
  2 leopard geckos
  21 orcs
  4 ball pythons
  7 bats
  2 bat skeletons (D:2)
  3 giant cockroaches
  19 goblins
  9 hobgoblins
  4 jackals
  8 kobolds
  5 quokkas
  6 frilled lizards
  2 giant cockroach zombies (D:2)
  A jackal skeleton (D:4)
  A leopard gecko skeleton (D:5)
  A leopard gecko zombie (D:2)
  3 quokka skeletons
  5 rats
155 creatures vanquished.

Vanquished Creatures (collateral kills)
  2 foxfires (D:2)
2 creatures vanquished.

Vanquished Creatures (others)
  362 foxfires
  4 fungi (D:6)
  A withered plant (D:2)
367 creatures vanquished.

Grand Total: 524 creatures vanquished

Notes
Turn   | Place    | Note
-------+----------+-------------------------------------------
     0 | D:1      | Nattfarinn the Ogre Fire Elementalist began the quest for
                  | the Orb.
     0 | D:1      | Reached XP level 1. HP: 16/16 MP: 3/3
   223 | D:1      | Reached skill level 1 in Conjurations
   363 | D:1      | Reached XP level 2. HP: 26/26 MP: 2/5
   525 | D:1      | Reached skill level 1 in Fighting
   733 | D:1      | Reached skill level 3 in Spellcasting
   992 | D:1      | Reached XP level 3. HP: 27/33 MP: 2/7
  1745 | D:2      | Reached XP level 4. HP: 33/42 MP: 0/9
  2021 | D:2      | Found a burning altar of Makhleb.
  2021 | D:2      | Found an ancient bone altar of Kikubaaqudgha.
  2027 | D:2      | Found a broken altar of Ashenzari.
  2029 | D:2      | Found a shimmering altar of Xom.
  2031 | D:2      | Found a faded altar of an unknown god.
  2571 | D:3      | Reached skill level 4 in Spellcasting
  2712 | D:3      | Reached XP level 5. HP: 50/50 MP: 6/11
  2760 | D:3      | Noticed Grinder
  2792 | D:3      | Killed Grinder
  2793 | D:3      | Reached skill level 5 in Spellcasting
  2793 | D:3      | Reached XP level 6. HP: 34/61 MP: 3/13
  2963 | D:3      | Noticed Robin
  2969 | D:3      | Killed Robin
  3257 | D:3      | Noticed Jessica
  3271 | D:3      | Killed Jessica
  3580 | D:4      | Found a staircase to the Ecumenical Temple.
  3591 | Temple   | Entered the Ecumenical Temple
  3693 | Temple   | Became a worshipper of Vehumet
  3931 | D:4      | Found a blossoming altar of Fedhas.
  4087 | D:4      | Reached XP level 7. HP: 65/68 MP: 10/15
  5181 | D:5      | Entered Level 5 of the Dungeon
  5497 | D:5      | Reached skill level 6 in Spellcasting
  5497 | D:5      | Reached * piety under Vehumet
  5497 | D:5      | Offered knowledge of Sandblast by Vehumet.
  5684 | D:5      | Found a shadowy altar of Dithmenos.
  6115 | D:6      | Reached XP level 8. HP: 29/78 MP: 11/17
  6377 | D:6      | Reached skill level 5 in Fighting
  6590 | D:6      | Found Gisesod's Distillery.
  6605 | D:6      | Reached skill level 7 in Spellcasting
  6926 | D:6      | Bought a potion of heal wounds for 65 gold pieces
  6926 | D:6      | Bought a potion of curing for 39 gold pieces
  6926 | D:6      | Bought a potion of heal wounds for 65 gold pieces
  6926 | D:6      | Bought a potion of curing for 39 gold pieces
  7126 | D:6      | Found a runed translucent door.
  7127 | D:6      | Noticed Crazy Yiuf
  7810 | D:7      | Offered knowledge of Shock by Vehumet.
  7811 | D:7      | Reached skill level 5 in Fire Magic
  7914 | D:7      | Learned a level 3 spell: Tukima's Dance
  7941 | D:7      | Reached ** piety under Vehumet
  8552 | D:7      | Noticed a four-headed hydra
  8564 | D:7      | Slain by a four-headed hydra

Illustrated notes

Levels and vault maps discovered:
D:1:      dpeg_arrival_houses_and_road, layout_basic, serial_bayou_pond_e,
          minmay_tetromino_l4
D:2:      layout_basic, chequers_temple_overflow_minitemple, serial_undead,
          serial_undead_e, serial_undead_d, serial_undead_e, serial_undead_e,
          serial_undead_e, serial_undead_b, serial_undead_b
D:3:      layout_basic, uniq_jessica, uniq_grinder, uniq_robin
D:4:      layout_gridville, temple_statues, fedhas_altar_fruit_tree
D:5:      layout_basic, nicolae_dithmenos_the_darkroom
D:6:      layout_cave_pools, serial_shops, nicolae_shop_statue_plus,
          serial_park_tiny_2, uniq_crazy_yiuf_cottage
D:7:      layout_rooms, minmay_manual_mandibuliform
Temple:   hc_temple_tempest_star

Skill      XL: |  1  2  3  4  5  6  7  8 |
---------------+-------------------------+-----
Conjurations   | 1 2 3 4 |  4.2
Fighting       | 1 2 3 4 5 |  5.9
Spellcasting   | 3 4 5 6 7 |  7.7
Fire Magic     | 3 4 5 |  5.0
Dodging        | |  1.7
Stealth        | |  1.4
Hexes          | |  0.6

Action                   |  1- 3 |  4- 6 |  7- 9 || total
-------------------------+-------+-------+-------++-------
Melee: Unarmed           |    30 |    16 |       ||    46
       Mace              |       |    13 |   138 ||   151
Throw: Javelin           |    10 |    24 |     2 ||    36
 Cast: Foxfire           |    59 |    83 |    86 ||   228
  Use: Potion            |       |       |     3 ||     3
 Stab: Sleeping          |       |     2 |       ||     2
Armor: Robe              |    24 |    13 |    43 ||    80
Dodge: Dodged            |    51 |    25 |   123 ||   199

Table legend: (Time is in decaauts)
 A = Elapsed time spent in this place.
 B = Non-inter-level travel time spent in this place.
 C = Inter-level travel time spent in this place.
 D = Time resting spent in this place.
 E = Time spent auto-exploring this place.
 F = Levels seen in this place.
 G = Mean time per level.
                   A        B        C        D        E       F      G
               +--------+--------+--------+--------+--------+-----+--------+
         Total |   8678 |   8444 |    234 |   2912 |   4332 |   8 | 1084.8 |
       Dungeon |   8532 |   8310 |    222 |   2912 |   4216 |   7 | 1218.9 |
        Temple |    145 |    133 |     12 |      0 |    116 |   1 |  145.0 |
               +--------+--------+--------+--------+--------+-----+--------+

Top non-repeatable levels by time:
     D:6: 2104 daAuts
     D:4: 1531 daAuts
     D:3: 1330 daAuts
     D:1: 1327 daAuts
     D:2: 918 daAuts
     D:5: 785 daAuts
     D:7: 535 daAuts
  Temple: 145 daAuts
